 Dungeon Crawl Stone Soup version 0.19.4 (webtiles) character file.

27527 Jerry the Bludgeoner (level 13, -10/86 HPs)
             Began as a Formicid Fighter on Feb 1, 2017.
             Was an Initiate of Gozag.
             Mangled by a dream sheep (14 damage)
             ... on level 2 of the Lair of Beasts.
             The game lasted 01:12:29 (18445 turns).

Jerry the Bludgeoner (Formicid Fighter)            Turns: 18445, Time: 01:12:29

Health: -10/86     AC: 16    Str: 27    XL:     13   Next: 66%
Magic:  0/13       EV: 10    Int:  9    God:    Gozag
Gold:   765        SH: 16    Dex: 17    Spells: 2 memorised, 8 levels left

rFire  . . .     SeeInvis +     o - +6 great mace "Vozauxisut" {flame, Dex+3 Stlth+}
rCold  . . .     Gourm    .     h - +3 ring mail
rNeg   + . .     Faith    .     p - +2 shield
rPois  +         Spirit   +     (helmet unavailable)
rElec  .         Reflect  .     a - +2 ratskin cloak {rPois rN+ Int-1 Dex-1}
rCorr  .         Harm     .     y - +1 pair of gloves {Dex+3}
MR     +....                    (no boots)
Stlth  ++........               J - amulet of guardian spirit
                                m - +3 ring of strength
                                u - +2 ring of dexterity

@: gold aura
A: permanent stasis, dig shafts and tunnels, four strong arms, antennae 3
a: Dig, Shaft Self, Potion Petition, Call Merchant, Bribe Branch, Renounce
Religion


You were on level 2 of the Lair of Beasts.
You worshipped Gozag.
Gozag was pleased with you.
You were not hungry.

You visited 3 branches of the dungeon, and saw 17 of its levels.

You collected 3307 gold pieces.
You spent 1305 gold pieces at shops.
You paid 1237 gold pieces to Gozag.

Inventory:

Hand Weapons
 o - the +6 great mace "Vozauxisut" (weapon) {flame, Dex+3 Stlth+}
   (You found it on level 6 of the Dungeon)

   It has been specially enchanted to burn those struck by it, causing extra
   injury to most foes and up to half again as much damage against particularly
   susceptible opponents.
   It affects your dexterity (+3).
   It makes you more stealthy.
Armour
 a - the +2 ratskin cloak (worn) {rPois rN+ Int-1 Dex-1}
   (You bought it in a shop on level 12 of the Dungeon)

   It affects your intelligence (-1).
   It affects your dexterity (-1).
   It protects you from poison.
   It protects you from negative energy.
 h - a +3 ring mail (worn)
 p - a +2 shield (worn)
 y - a +1 pair of gloves of dexterity (worn)
Rods
 l - a -1 iron rod (14/14)
   (You found it on level 6 of the Dungeon)
Jewellery
 m - a +3 ring of strength (right hand)
 n - an uncursed ring of resist corrosion {unknown}
 u - a +2 ring of dexterity (left hand)
 J - an amulet of guardian spirit (around neck)
Wands
 b - a wand of lightning (8/15)
 c - a wand of polymorph (19/24)
 B - a wand of acid (7/15)
 G - a wand of iceblast (10/15)
 I - a wand of iceblast (7/15)
 K - a wand of acid (5/15)
 L - a wand of digging (12/24)
 N - a wand of iceblast (8/15)
Scrolls
 e - 3 scrolls of fog
 g - 7 scrolls of identify
 q - a scroll of enchant weapon
 r - 8 scrolls of remove curse
 t - 3 scrolls of recharging
 w - 2 scrolls of enchant armour
 O - 2 scrolls of magic mapping
 S - a scroll of fear
 T - 2 scrolls of amnesia
Potions
 d - a potion of might
 j - 2 potions of heal wounds
 k - 2 potions of lignification
 s - 3 potions of flight
 A - 2 potions of cancellation
 C - 2 potions of ambrosia
 E - 11 potions of curing
 F - a potion of brilliance
 H - a potion of invisibility
 M - a potion of cure mutation
Books
 v - a book of Conjurations

   Spells                             Type                      Level
   a - Magic Dart                     Conjuration                  1
   b - Searing Ray                    Conjuration                  2
   c - Dazzling Spray                 Conjuration/Hexes            3
   d - Fulminant Prism                Conjuration/Hexes            4
   e - Iskenderun's Mystic Blast      Conjuration                  4
   f - Iskenderun's Battlesphere      Conjuration/Charms           5
 P - a book of Air

   Spells                             Type                      Level
   a - Shock                          Conjuration/Air              1
   b - Swiftness                      Charms/Air                   2
   c - Repel Missiles                 Charms/Air                   2
   d - Static Discharge               Conjuration/Air              3
   e - Lightning Bolt                 Conjuration/Air              5
Comestibles
 f - 3 bread rations
 i - 8 meat rations
 z - 21 fruits


   Skills:
 - Level 3.2 Fighting
 * Level 15.2 Maces & Flails
 + Level 12.4 Armour
 + Level 13.4 Shields


You had 8 spell levels left.
You knew the following spells:

 Your Spells              Type           Power        Failure   Level  Hunger
a - Repel Missiles        Chrm/Air       #.....       80%         2    ###....
b - Swiftness             Chrm/Air       #.......     80%         2    ###....


Dungeon Overview and Level Annotations

Branches:
Dungeon (14/15) Temple (1/1) D:5 Lair (2/6) D:8 Orc (0/2) D:9 Vaults (0/5) D:13 D:14 Swamp: Lair:2-4 Shoals: Lair:2-4 Snake: Lair:2-4 Spider: Lair:2-4

Altars:
Dithmenos
Fedhas
Gozag
Hepliaklqana
Makhleb
Okawaru
Ru
Sif Muna
Trog
Uskayaw
Vehumet
Xom
The Shining One
Beogh

Shops:
D:4 }   D:7 !   D:12 ?[   D:13 [

Annotations:
D:14 Nessos, Urug


Innate Abilities, Weirdness & Mutations

You are under a permanent stasis effect.
You can dig through walls and to a lower floor.
Your four strong arms can wield two-handed weapons with a shield.
You have a pair of large antennae on your head. (SInv)


Message History

You sock the eight-headed hydra! You burn the eight-headed hydra.
The eight-headed hydra is severely wounded.
You block the eight-headed hydra's attack. x2
The eight-headed hydra bites you but does no damage. x3
You block the eight-headed hydra's attack.
The eight-headed hydra bites you but does no damage. x2
The dream sheep bites you but does no damage.
You block the dream sheep's attack. The dream sheep completely misses you.
You flatten the eight-headed hydra like a pancake!!!
You burn the eight-headed hydra!
You kill the eight-headed hydra!
The dream sheep bites you but does no damage.
You block the dream sheep's attack.
The dream sheep bites you but does no damage.
The dream sheep shake their wool and sparkle.
You feel drowsy...
You fall asleep.
The dream sheep is distracted by the nearby gold.
The dream sheep bites you!
You wake up.
You die...
Your body crumbles into a pile of gold.

#...................
##########.......##
##.......#
#.......###
#........P#
##........##
##........###
##........P..###
.........@Y.......
..................
.......$.lYY##....
...####....... ...
... #.......P.. ..
.............. $
..............#
.........######
#........#


You could see a komodo dragon and 3 dream sheep.

Vanquished Creatures
  2 hydras (Lair:2)
  Erica (D:8)
  A centaur warrior (D:13)
  A tengu warrior (D:13)
  5 hill giants
  Pikel (D:5)
  2 ugly things
  A deep elf mage (D:12)
  2 cyclopes
  A manticore (D:11)
  Joseph (D:9)
  4 spiny frogs
  The ghost of Naow the Destroyer, a novice DECj (D:5)
  A gargoyle (D:12)
  4 kobold demonologists
  A troll (D:11)
  A troll (shapeshifter) (D:13)
  A two-headed ogre (D:12)
  A dream sheep (Lair:2)
  3 hippogriffs
  Sigmund (D:5)
  A spriggan (D:7)
  A shadow (D:10)
  2 wyverns
  20 yaks
  A basilisk (D:13)
  12 humans (D:13)
  Menkaure (D:6)
  2 hungry ghosts
  2 mottled dragons (D:11)
  Edmund (D:4)
  A floating eye (D:11)
  3 water moccasins
  6 orc warriors
  6 ice beasts
  3 sky beasts
  2 black bears
  3 eyes of draining (D:5)
  7 necrophages
  A phantom (D:6)
  A slave (D:5)
  3 ogres
  11 centaurs
  5 crocodiles
  2 big kobolds
  Blork the orc (D:6)
  8 bullfrogs
  A wyvern zombie (D:9)
  A wyvern skeleton (D:13)
  4 scorpions
  12 killer bees
  10 wights
  A howler monkey (D:13)
  3 bullfrog zombies
  4 centaur zombies
  4 crimson imps
  4 jellies
  7 orc priests
  3 hounds
  10 orc wizards
  2 centaur skeletons
  Ijyb (D:2)
  5 worker ants
  2 worker ant zombies (D:8)
  Robin (D:4)
  7 gnolls
  13 adders
  A shadow imp (D:5)
  An ooze (D:2)
  An adder skeleton (D:6)
  2 adder zombies (D:8)
  3 worms (D:2)
  5 leopard geckos
  43 orcs
  3 ball pythons
  2 giant cockroaches
  18 goblins
  17 hobgoblins
  15 jackals
  10 quokkas
  6 bats
  2 frilled lizards
  A jackal skeleton (D:8)
  20 kobolds
  A leopard gecko skeleton (D:10)
  A quokka zombie (D:9)
  7 rats
  A bush (D:8)
  A plant (D:8)
398 creatures vanquished.

Vanquished Creatures (others)
  A sky beast (D:12)
  A centaur (D:5)
  A worm (D:5)
  3 orcs (D:5)
  A bat (D:1)
  A plant (D:8)
8 creatures vanquished.

Grand Total: 406 creatures vanquished

Notes
Turn   | Place    | Note
-------+----------+-------------------------------------------
     0 | D:1      | Jerry the Formicid Fighter began the quest for the Orb.
     0 | D:1      | Reached XP level 1. HP: 18/18 MP: 1/1
   196 | D:1      | Reached XP level 2. HP: 24/24 MP: 2/2
   690 | D:2      | Reached XP level 3. HP: 20/29 MP: 3/3
  1092 | D:2      | Reached skill level 3 in Maces & Flails
  1165 | D:2      | Noticed Ijyb
  1196 | D:2      | Killed Ijyb
  1196 | D:2      | Reached XP level 4. HP: 23/35 MP: 4/4
  1865 | D:2      | Reached XP level 5. HP: 21/41 MP: 5/5
  2198 | D:2      | Found a burning altar of Makhleb.
  2202 | D:2      | Found a sacrificial altar of Ru.
  2207 | D:2      | Found a hazy altar of Hepliaklqana.
  2337 | D:2      | Reached skill level 4 in Maces & Flails
  3320 | D:3      | Reached XP level 6. HP: 46/47 MP: 6/6
  3883 | D:4      | Noticed Robin
  4302 | D:4      | Reached skill level 5 in Shields
  4437 | D:4      | Noticed Edmund
  4446 | D:4      | Killed Edmund
  4446 | D:4      | Reached skill level 5 in Maces & Flails
  4446 | D:4      | Reached XP level 7. HP: 48/52 MP: 7/7
  4474 | D:4      | Found Myampon's Gadget Shoppe.
  4726 | D:4      | Killed Robin
  4848 | D:5      | Entered Level 5 of the Dungeon
  4848 | D:5      | Noticed Pikel
  4874 | D:5      | Killed Pikel
  4874 | D:5      | Reached skill level 6 in Maces & Flails
  4874 | D:5      | Reached skill level 5 in Armour
  4874 | D:5      | Reached XP level 8. HP: 44/58 MP: 8/8
  4989 | D:5      | Noticed Sigmund
  4995 | D:4      | Found a hide-covered altar of Uskayaw.
  5172 | D:5      | Killed Sigmund
  5187 | D:5      | Noticed Naow's ghost (novice DECj)
  5286 | D:5      | Killed Naow's ghost
  5286 | D:5      | Reached skill level 7 in Maces & Flails
  5699 | D:5      | Found a staircase to the Ecumenical Temple.
  5770 | Temple   | Entered the Ecumenical Temple
  5778 | Temple   | Became a worshipper of Gozag Ym Sagoz the Greedy
  5821 | D:5      | Found a bloodstained altar of Trog.
  5838 | D:5      | Reached XP level 9. HP: 64/64 MP: 0/9
  5859 | D:5      | Reached skill level 8 in Maces & Flails
  6548 | D:6      | Noticed Menkaure
  6560 | D:6      | Killed Menkaure
  6851 | D:6      | Got a brightly glowing great mace
  6857 | D:6      | Identified the +6 great mace "Vozauxisut" {flame, Dex+3 Stlth+} (You found it on level 6 of the Dungeon)
  6940 | D:6      | Noticed Blork the orc
  6943 | D:6      | Killed Blork the orc
  6996 | D:6      | Reached skill level 9 in Maces & Flails
  7226 | D:7      | Noticed a troll
  7449 | D:7      | Noticed a hippogriff
  7466 | D:7      | Killed a hippogriff
  8052 | D:8      | Found a blossoming altar of Fedhas.
  8077 | D:8      | Reached XP level 10. HP: 70/70 MP: 10/10
  8347 | D:8      | Found a shimmering altar of Xom.
  8347 | D:8      | Found a faded altar of an unknown god.
  8352 | D:8      | Found a radiant altar of Vehumet.
  8354 | D:8      | Found an iron altar of Okawaru.
  8356 | D:8      | Found a faded altar of an unknown god.
  8391 | D:8      | Reached skill level 10 in Maces & Flails
  8440 | D:8      | Noticed Erica
  8452 | D:8      | Killed Erica
  8731 | D:8      | Found a staircase to the Lair.
  8986 | D:9      | Noticed Joseph
  9219 | D:9      | Found a hide-covered altar of Uskayaw.
  9348 | D:9      | Killed Joseph
  9661 | D:9      | Found a shadowy altar of Dithmenos.
  9777 | D:9      | Reached skill level 11 in Maces & Flails
  9899 | D:9      | Found a deep blue altar of Sif Muna.
 10419 | D:9      | Found a staircase to the Orcish Mines.
 10535 | D:7      | Found Taluth's Distillery.
 10541 | D:7      | Bought a potion of invisibility for 104 gold pieces
 10541 | D:7      | Bought a potion of flight for 39 gold pieces
 10541 | D:7      | Bought a potion of curing for 39 gold pieces
 10855 | D:10     | Entered Level 10 of the Dungeon
 10988 | D:10     | Noticed a hill giant
 11002 | D:10     | Killed a hill giant
 11002 | D:10     | Reached skill level 10 in Shields
 11002 | D:10     | Reached XP level 11. HP: 75/75 MP: 11/11
 11369 | D:10     | Reached skill level 12 in Maces & Flails
 12445 | D:11     | Noticed a hill giant
 12452 | D:11     | Killed a hill giant
 12452 | D:11     | Reached skill level 10 in Armour
 12653 | D:11     | Learned a level 2 spell: Repel Missiles
 12661 | D:11     | Learned a level 2 spell: Swiftness
 12940 | D:11     | Noticed a manticore
 12946 | D:11     | Noticed a hill giant
 12946 | D:11     | Killed a manticore
 12953 | D:12     | Killed a hill giant
 12966 | D:11     | Reached XP level 12. HP: 74/81 MP: 12/12
 13002 | D:11     | Reached skill level 13 in Maces & Flails
 14197 | D:12     | Found Pulixac's Magic Scroll Shoppe.
 14242 | D:12     | Bought a scroll of identify for 24 gold pieces
 14242 | D:12     | Bought a scroll of magic mapping for 42 gold pieces
 14242 | D:12     | Bought a scroll of identify for 24 gold pieces
 14242 | D:12     | Bought a scroll of identify for 24 gold pieces
 14242 | D:12     | Bought a scroll of amnesia for 42 gold pieces
 14242 | D:12     | Bought a scroll of fog for 24 gold pieces
 14242 | D:12     | Bought a scroll of random uselessness for 12 gold pieces
 15159 | D:12     | Bought the +2 ratskin cloak {rPois rN+ Int-1 Dex-1} for 385 gold pieces
 15436 | D:13     | Reached skill level 14 in Maces & Flails
 15543 | D:13     | Found a roughly hewn altar of Beogh.
 15662 | D:13     | Noticed a tengu warrior
 15701 | D:13     | Noticed a centaur warrior
 15716 | D:13     | Killed a tengu warrior
 15716 | D:13     | Reached XP level 13. HP: 72/86 MP: 9/13
 15807 | D:13     | Killed a centaur warrior
 16372 | D:13     | Bought a pair of embroidered gloves for 273 gold pieces
 16389 | D:13     | Bought a pair of glowing gloves for 273 gold pieces
 16430 | D:14     | Noticed Nessos
 16433 | D:14     | Noticed Urug
 16434 | D:14     | Noticed a centaur warrior
 16824 | D:14     | Found a gate to the Vaults.
 17595 | Lair:1   | Entered Level 1 of the Lair of Beasts
 17844 | Lair:1   | Reached skill level 15 in Maces & Flails
 18339 | Lair:2   | Noticed a four-headed hydra
 18344 | Lair:2   | Killed a four-headed hydra
 18432 | Lair:2   | Noticed an eight-headed hydra
 18441 | Lair:2   | HP: 3/86 [dream sheep (4)]
 18443 | Lair:2   | Killed an eight-headed hydra
 18445 | Lair:2   | Mangled by a dream sheep

Skill      XL: |  1  2  3  4  5  6  7  8  9 10 11 12 13 |
---------------+----------------------------------------+-----
Shields        | 4 5 6 7 8 10 11 12 13 | 13.4
Maces & Flails | 3 4 5 6 7 9 11 12 14 15 | 15.2
Armour         | 4 5 6 7 9 10 11 12 | 12.4
Fighting       | |  3.2

Action                   |  1- 3 |  4- 6 |  7- 9 | 10-12 | 13-15 || total
-------------------------+-------+-------+-------+-------+-------++-------
Melee: Flail             |   133 |   257 |       |       |       ||   390
       Dire flail        |       |       |    83 |       |       ||    83
       Whip              |       |       |   164 |       |       ||   164
       Great mace        |       |       |    63 |   552 |   150 ||   765
Invok: Call Merchant     |       |       |       |     1 |     1 ||     2
 Abil: Dig               |       |       |     1 |       |       ||     1
Evoke: Wand              |       |       |     1 |       |       ||     1
  Use: Scroll            |       |     2 |    12 |     9 |       ||    23
       Potion            |       |     1 |       |     3 |       ||     4
 Stab: Distracted        |       |       |     1 |     5 |     1 ||     7
  Eat: Chunk             |     1 |    11 |     4 |       |       ||    16
       Beef jerky        |       |       |     2 |     3 |     2 ||     7
       Pizza             |       |       |     1 |     1 |       ||     2
       Royal jelly       |       |       |     1 |       |       ||     1
       Bread ration      |       |       |       |     6 |     1 ||     7
Armor: Scale mail        |    48 |   107 |    61 |   137 |     3 ||   356
       Ring mail         |       |       |       |       |    50 ||    50
Dodge: Dodged            |    39 |    75 |    55 |   146 |    35 ||   350
Block: Shield            |    61 |   141 |    86 |   305 |   114 ||   707
